 Dungeon Crawl Stone Soup version 0.19.5 (webtiles) character file.

108 SedStubbie the Vexing (level 4, -2/23 HPs)
             Began as a Spriggan Arcane Marksman on Feb 1, 2017.
             Was an Initiate of Okawaru.
             Slain by a frilled lizard (3 damage)
             ... on level 3 of the Dungeon on Apr 15, 2017.
             The game lasted 00:06:23 (1860 turns).

SedStubbie the Vexing (Spriggan Arcane Marksman)    Turns: 1860, Time: 00:06:23

Health: -2/23      AC:  3    Str:  7    XL:     4   Next: 58%
Magic:  8/8        EV: 19    Int: 14    God:    Okawaru [......]
Gold:   48         SH:  0    Dex: 16    Spells: 1 memorised, 6 levels left

rFire  . . .     SeeInvis +     a - +0 hand crossbow
rCold  . . .     Gourm    .     e - +0 robe
rNeg   . . .     Faith    .     (shield restricted)
rPois  .         Spirit   .     (helmet restricted)
rElec  .         Reflect  .     p - +0 cloak
rCorr  .         Harm     .     (gloves unavailable)
MR     .....                    (boots unavailable)
Stlth  ++........               (no amulet)
                                (no ring)
                                (no ring)

@: very quick
A: unfitting armour, see invisible, herbivore 3, speed 3, slow metabolism 2
a: Renounce Religion


You were on level 3 of the Dungeon.
You worshipped Okawaru.
Okawaru was noncommittal.
You were not hungry.

You visited 1 branch of the dungeon, and saw 3 of its levels.

You collected 48 gold pieces.

Inventory:

Hand Weapons
 a - a +0 hand crossbow (weapon)
Missiles
 k - 23 arrows
Armour
 e - a +0 robe (worn)
 p - a +0 cloak (worn)
Jewellery
 s - a +3 ring of intelligence {unknown}
Scrolls
 b - 2 scrolls of enchant weapon {unknown}
 g - a scroll of remove curse {unknown}
 l - 3 scrolls of identify {unknown}
 m - a scroll of fog {unknown}
 q - a scroll of magic mapping {unknown}
 r - a scroll of teleportation {unknown}
Potions
 h - 2 potions of curing {unknown}
 i - 2 potions of flight {unknown}
 j - 3 potions of agility {unknown}
 n - a potion of degeneration {unknown}
 o - 2 potions of mutation {unknown}
 t - a potion of haste {unknown}
Books
 c - a book of Debilitation

   Spells                             Type                      Level
   a - Corona                         Hexes                        1
   b - Slow                           Hexes                        2
   c - Gell's Gravitas                Hexes/Translocation          3
   d - Inner Flame                    Hexes/Fire                   3
   e - Cause Fear                     Hexes                        4
   f - Leda's Liquefaction            Hexes/Earth                  4
Comestibles
 f - a bread ration


   Skills:
 + Level 1.7 Fighting
 + Level 2.4 Crossbows
 + Level 3.8 Dodging
 + Level 3.0 Stealth
 + Level 2.3 Spellcasting
 + Level 4.2 Hexes


You had 6 spell levels left.
You knew the following spells:

 Your Spells              Type           Power        Failure   Level  Hunger
a - Corona                Hex            ##.....      4%          1    #......


Dungeon Overview and Level Annotations

Branches:
Dungeon (3/15)

Altars:
Okawaru
Qazlal
Trog
Vehumet
Yredelemnul


Innate Abilities, Weirdness & Mutations

You are very small and have problems with some larger weapons.
You are too small for most types of armour.
You have supernaturally acute eyesight. (SInv)
You are a herbivore.
You cover ground extremely quickly.
You need consume almost no food.


Message History

You clumsily bash the kobold but do no damage.
The frilled lizard bites you but does no damage.
The kobold misses you. The frilled lizard closely misses you.
You barely miss the kobold. The kobold closely misses you.
The frilled lizard closely misses you. The kobold misses you.
You miss the kobold. The frilled lizard misses you.
The kobold hits you but does no damage. The frilled lizard misses you.
You closely miss the kobold. The kobold barely misses you.
The frilled lizard barely misses you. The kobold barely misses you.
You barely miss the kobold. The frilled lizard misses you.
The kobold barely misses you. The frilled lizard barely misses you.
You miss the kobold. The kobold completely misses you.
The frilled lizard bites you.
* * * LOW HITPOINT WARNING * * *
The kobold completely misses you.
You clumsily bash the kobold but do no damage.
The frilled lizard bites you.
* * * LOW HITPOINT WARNING * * *
The kobold closely misses you. The frilled lizard bites you.
You die...

### # ... ##.. <... #
#(.. .... ..########(.#
..... #.......(..
#######..... .........#
##...........
.....?l@K###..##........
.......(........<.......
##.........##..#..<.....
........##..............
........##....##..[##.##
$$...##.(...####...# .#
..... ##...## #...# #
..... ...## #(..# .. ##.
#####


You could see a kobold and a frilled lizard.

Vanquished Creatures
  4 adders
  2 worms (D:2)
  3 dart slugs (D:1)
  5 leopard geckos
  4 bats
  2 giant cockroaches
  3 goblins
  3 hobgoblins (D:1)
  6 jackals (D:1)
  4 quokkas (D:2)
  2 ball pythons
  5 frilled lizards
  8 kobolds
  6 rats
57 creatures vanquished.

Notes
Turn   | Place    | Note
-------+----------+-------------------------------------------
     0 | D:1      | SedStubbie the Spriggan Arcane Marksman began the quest for the Orb.
     0 | D:1      | Reached XP level 1. HP: 9/9 MP: 3/3
   152 | D:1      | Reached skill level 1 in Fighting
   227 | D:1      | Reached XP level 2. HP: 14/14 MP: 5/5
   242 | D:1      | Reached skill level 1 in Stealth
   359 | D:1      | Reached XP level 3. HP: 16/18 MP: 6/6
   628 | D:1      | Reached skill level 4 in Hexes
   749 | D:2      | Found a faded altar of an unknown god.
   764 | D:2      | Became a worshipper of Vehumet
   764 | D:2      | Reached * piety under Vehumet
   764 | D:2      | Offered knowledge of Flame Tongue by Vehumet.
   784 | D:2      | Upgraded the game from 0.19.4 to 0.19.5
   963 | D:2      | Found an iron altar of Okawaru.
   963 | D:2      | Found a bloodstained altar of Trog.
   969 | D:2      | Fell from the grace of Vehumet
   969 | D:2      | Became a worshipper of Warmaster Okawaru
  1058 | D:2      | Reached XP level 4. HP: 22/22 MP: 8/8
  1426 | D:2      | Found a basalt altar of Yredelemnul.
  1435 | D:2      | Found a stormy altar of Qazlal.
  1860 | D:3      | HP: 1/23 [frilled lizard (2)]
  1860 | D:3      | Slain by a frilled lizard

Skill      XL: |  1  2  3  4 |
---------------+-------------+-----
Fighting       | 1 |  1.7
Stealth        | 1 2 3 |  3.0
Hexes          | 4 |  4.2
Spellcasting   | 2 |  2.3
Crossbows      | |  2.4
Dodging        | |  3.8

Action                   |  1- 3 |  4- 6 || total
-------------------------+-------+-------++-------
Melee: Hand crossbow     |       |    18 ||    18
 Fire: Hand crossbow     |    88 |    40 ||   128
Armor: Robe              |       |     2 ||     2
Dodge: Dodged            |    16 |    43 ||    59
